 Dungeon Sprint DCSS version 0.21.1-1-g345015f (webtiles) character file.

918 Fang the Cleaver (level 7, 0/115 HPs)
             Began as a Minotaur Berserker on Apr 23, 2018.
             Was a High Priest of Trog.
             Slain by a jelly (1 damage)
             ... in the Dungeon (Sprint III: "The Ten Rune Challenge").
             The game lasted 00:01:59 (994 turns).

Fang the Cleaver (Minotaur Berserker)                Turns: 994, Time: 00:01:59

Health: 0/115      AC:  0    Str: 28    XL:     7   Next: 83%
Magic:  6/6        EV: 15    Int:  4    God:    Trog [*****.]
Gold:   23         SH:  0    Dex: 10    Spells: 6/6 levels left

rFire    . . .     SeeInvis .   b - +1 long sword (holy)
rCold    . . .     Gourm    .   (no shield)
rNeg     + . .     Faith    .   l - +2 robe {rN+}
rPois    .         Spirit   .   (helmet restricted)
rElec    .         Reflect  .   (no cloak)
rCorr    .         Harm     .   (no gloves)
MR       .....     NoTele   +   (no boots)
Stlth    ..........             (no amulet)
HPRegen  0.29/turn              (no ring)
MPRegen  0.10/turn              (no ring)

@: berserking, corroded, very quick
A: retaliatory headbutt, horns 2
a: Berserk, Trog's Hand, Brothers in Arms, Burn Spellbooks, Renounce Religion


You were in the Dungeon.
You worshipped Trog.
Trog was extremely pleased with you.
You were not hungry.

You visited 1 branch You collected 23 gold pieces.

Inventory:

Hand Weapons
 a - a +0 hand axe
 b - a +1 long sword of holy wrath (weapon)
Armour
 l - a +2 robe of positive energy (worn)
Scrolls
 i - a scroll of blinking
 n - a scroll of immolation
 o - a scroll of identify
 p - 2 scrolls of remove curse
Potions
 d - 3 potions of curing
 e - a potion of heal wounds
 f - a potion of haste
 g - 2 potions of magic
 h - a potion of berserk rage
 k - 2 potions of might
 m - 3 potions of mutation
Books
 j - a book of Minor Magic

   Spells                             Type                      Level
   a - Magic Dart                     Conjuration                  1
   b - Blink                          Translocation                2
   c - Call Imp                       Summoning                    2
   d - Slow                           Hexes                        2
   e - Conjure Flame                  Conjuration/Fire             3
   f - Mephitic Cloud                 Conjuration/Poison/Air       3
   Trog disapproves of the use of such an item.
Comestibles
 c - 2 rations


   Skills:
 + Level 12.1 Fighting
 + Level 1.1 Long Blades
 + Level 13.0 Axes
 + Level 6.6 Armour
 + Level 7.7 Dodging
 + Level 2.0 Stealth


You had 6 spell levels left.
You didn't know any spells.

Dungeon Overview and Level Annotations

Branches:
Dungeon (1/1)

Altars:
Dithmenos
Elyvilon
Kikubaaqudgha
Okawaru
Ru
Sif Muna
Trog
Uskayaw
Vehumet
Wu Jian
Yredelemnul
Zin
The Shining One
Beogh


Innate Abilities, Weirdness & Mutations

You reflexively headbutt those who attack you in melee.
You have a pair of horns on your head.


Message History

You closely miss the shadow.
The shadow is heavily damaged.
The shadow slips into darkness.
The shadow flickers and vanishes!
Deactivating autopickup; reactivate with Ctrl-A.
The jelly barely misses you.
You hit the jelly but do no damage.
Your hands burn!
You headbutt the jelly.
The jelly is moderately wounded.
The shadow strikes at you from the darkness!
* * * LOW HITPOINT WARNING * * *
Reactivating autopickup.
The jelly hits you.
* * * LOW HITPOINT WARNING * * *
You are splashed with acid!
The acid burns!
* * * LOW HITPOINT WARNING * * *
A red film seems to cover your vision as you go berserk!
You feel yourself moving faster!
You feel mighty!
You feel quite a bit more hungry. The shadow closely misses you.
The jelly hits you.
You die...

▓▓▓ ♣♣♣
♣.############ ♣.♣
♣♣.#___#___#__# ..♣
♣..#...#__)#._# ≈♣♣
♣..###'#'###'##
≈.♣♣♣..#..........#
≈≈..♣..'.!........#
≈≈≈≈.♣.#...######'#
≈≈≈....#.⌠.# #W@.#
≈≈.....#...# #.J.#
.......#'### #...#
.......#)).# #..%+
.......#___# +...#
▓▓▓▓▓▓▓▓▓▓▓▓ ▓▓▓▓▓


You could see a shadow and a jelly.

Vanquished Creatures
  A deep elf mage (D)
  A necrophage (D)
  A water elemental (D)
  Jessica (D)
  A wizard (D)
  A necromancer (D)
  3 humans (D)
  A kobold demonologist (D)
  A wolf (D)
  3 rats (D)
14 creatures vanquished.

Vanquished Creatures (others)
  2 draconian scorchers (D)
  6 hellions (D)
  A yaktaur (D)
9 creatures vanquished.

Grand Total: 23 creatures vanquished

Notes
Turn   | Place    | Note
-------+----------+-------------------------------------------
     0 | D        | Fang the Minotaur Berserker began the quest for the Orb.
     0 | D        | Reached XP level 1. HP: 19/19 MP: 0/0
     4 | D        | Reached skill level 4 in Axes
    13 | D        | Noticed Jessica
    14 | D        | Reached ** piety under Trog
    21 | D        | Killed Jessica
    21 | D        | Reached skill level 5 in Fighting
    21 | D        | Reached skill level 5 in Axes
    21 | D        | Reached XP level 2. HP: 27/30 MP: 1/1
    54 | D        | Reached skill level 6 in Axes
    54 | D        | Reached XP level 3. HP: 34/37 MP: 2/2
    66 | D        | Reached *** piety under Trog
    80 | D        | Killed a hellion
    80 | D        | Killed a hellion
    97 | D        | Killed a hellion
    99 | D        | Noticed a water elemental
   108 | D        | Killed a water elemental
   108 | D        | Reached skill level 8 in Axes
   108 | D        | Reached XP level 4. HP: 26/48 MP: 3/3
   124 | D        | Killed a hellion
   125 | D        | Killed a hellion
   137 | D        | Killed a hellion
   197 | D        | Killed a white draconian scorcher
   266 | D        | Killed a white draconian scorcher
   294 | D        | Found a glowing silver altar of Zin.
   294 | D        | Found a glowing golden altar of the Shining One.
   294 | D        | Found a white marble altar of Elyvilon.
   295 | D        | Noticed a deep elf mage
   301 | D        | Killed a deep elf mage
   301 | D        | Reached skill level 11 in Axes
   301 | D        | Reached skill level 1 in Stealth
   301 | D        | Reached XP level 5. HP: 21/60 MP: 4/4
   301 | D        | Reached XP level 6. HP: 24/68 MP: 5/5
   330 | D        | Killed a yaktaur
   582 | D        | Found a radiant altar of Vehumet.
   582 | D        | Found a deep blue altar of Sif Muna.
   582 | D        | Found an ancient bone altar of Kikubaaqudgha.
   587 | D        | Reached **** piety under Trog
   587 | D        | Reached XP level 7. HP: 65/74 MP: 6/6
   609 | D        | Found a hide-covered altar of Uskayaw.
   609 | D        | Found a roughly hewn altar of Beogh.
   609 | D        | Found an iron altar of Okawaru.
   609 | D        | Found a bloodstained altar of Trog.
   609 | D        | Found an ornate altar of the Wu Jian Council.
   609 | D        | Noticed a human
   610 | D        | Noticed a human
   616 | D        | Killed a human
   616 | D        | Reached ***** piety under Trog
   616 | D        | Reached skill level 12 in Axes
   618 | D        | Killed a human
   855 | D        | Found a basalt altar of Yredelemnul.
   855 | D        | Found a shadowy altar of Dithmenos.
   855 | D        | Found a sacrificial altar of Ru.
   858 | D        | Reached skill level 1 in Long Blades
   862 | D        | Reached skill level 13 in Axes
   988 | D        | Noticed a shadow
   993 | D        | HP: 1/77 [acid (7)]
   994 | D        | Slain by a jelly

Skill      XL: |  1  2  3  4  5  6  7 |
---------------+----------------------+-----
Fighting       | 5 6 7 11 12 | 12.1
Axes           | 5 6 8 11 13 | 13.0
Armour         | 3 4 6 |  6.6
Dodging        | 3 4 6 7 |  7.7
Stealth        | 1 2 |  2.0
Long Blades    | 1 |  1.1

Action                   |  1- 3 |  4- 6 |  7- 9 || total
-------------------------+-------+-------+-------++-------
Melee: Hand axe          |    27 |     5 |       ||    32
       Headbutt          |     5 |     2 |     8 ||    15
       Long sword        |       |     4 |    18 ||    22
Invok: Berserk           |     1 |       |     2 ||     3
       Burn Spellbooks   |       |       |     1 ||     1
  Use: Scroll            |       |     4 |       ||     4
 Stab: Sleeping          |       |       |     2 ||     2
  Eat: Ration            |       |       |     1 ||     1
Armor: Animal skin       |     2 |       |       ||     2
       Robe              |     4 |     2 |     3 ||     9
Dodge: Dodged            |    20 |     4 |    14 ||    38
       Rpst.: Long sword |       |     1 |     3 ||     4
